 Dungeon Crawl Stone Soup version 0.31-a0-344-gd109795599 (webtiles) character file.

Game seed: 13599659671820440844

515 AdnanSaban the Shield-Bearer (level 7, -5/43 HPs)
             Began as a Gargoyle Fighter on July 22, 2023.
             Slain by a gnoll sergeant
             ... wielding a +0 heavy spear
              (7 damage)
             ... on level 4 of the Dungeon.
             The game lasted 00:04:37 (4184 turns).

AdnanSaban the Shield-Bearer (Gargoyle Fighter)     Turns: 4184, Time: 00:04:38

Health: -5/43      AC: 14    Str: 21    XL:     7   Next: 20%
Magic:  0/7        EV:  8    Int:  9    God:
Gold:   184        SH:  8    Dex:  9    Spells: 6/6 levels left

rFire   . . .        a - +0 flail
rCold   . . .        s - +0 kite shield
rNeg    + . .        b - +0 scale mail
rPois   ∞            (no helmet)
rElec   +            q - +0 cloak
rCorr   .            g - +0 pair of gloves
SInv    .            (no boots)
Will    +....        n - amulet of guardian spirit Stlth
                     k - ring of flight
HPRegen 0.27/turn    p - ring of willpower
MPRegen 0.10/turn

%: guardian spirit
@: flying
A: sickness immunity, AC +4, negative energy resistance 1, electricity
resistance, torment resistance 1, petrification resistance
a: no special abilities


You were on level 4 of the Dungeon.
You visited 1 branch of the dungeon, and saw 5 of its levels.

You collected 184 gold pieces.

Inventory:

Hand Weapons
 a - a +0 flail (weapon)
Missiles
 m - 2 javelins (quivered)
Armour
 b - a +0 scale mail (worn)
 g - a +0 pair of gloves (worn)
 q - a +0 cloak (worn)
 s - a +0 kite shield (worn)
Jewellery
 k - a ring of flight (left hand)
 n - an amulet of guardian spirit (around neck)
 p - a ring of willpower (right hand)
Scrolls
 c - a scroll of vulnerability {unknown}
 e - a scroll of poison {unknown}
 f - 2 scrolls of summoning {unknown}
 h - 4 scrolls of identify {unknown}
 i - 3 scrolls of enchant armour {unknown}
 l - a scroll of amnesia {unknown}
 o - 2 scrolls of fear {unknown}
 t - a scroll of torment {unknown}
 v - a scroll of teleportation {unknown}
Potions
 d - 2 potions of might
 j - a potion of brilliance {unknown}
 r - a potion of magic {unknown}
 u - a potion of lignification {unknown}
 w - a potion of haste {unknown}


   Skills:
 + Level 4.2 Fighting
 + Level 4.9 Maces & Flails
 + Level 0.3 Throwing
 + Level 4.9 Armour
 + Level 1.2 Dodging
 + Level 4.9 Shields


You had 6 spell levels left.
You didn't know any spells.
Your spell library contained the following spells:

 Spells                   Type           Power      Damage    Failure   Level
 Shock                    Conj/Air       0%         1d3       93%         1
 Sting                    Tmut/Pois      0%         1d3       93%         1
 Poisonous Vapours        Pois/Air       0%         N/A       98%         2
 Call Canine Familiar     Summ           0%         N/A       100%        3
 Portal Projectile        Hex/Tloc       0%         N/A       100%        3
 Swiftness                Air            0%         N/A       100%        3
 Volatile Blastmotes      Fire/Tloc      0%         2d10      100%        3
 Airstrike                Air            0%         2d(0-16)  100%        4
 Fulminant Prism          Conj/Hex       0%         3d5       100%        4
 Iskenderun's Mystic Bla  Conj/Tloc      0%         2d3       100%        4
 Leda's Liquefaction      Hex/Erth       0%         N/A       100%        4
 Olgreb's Toxic Radiance  Pois           0%         N/A       100%        4
 Iskenderun's Battlesphe  Conj           0%         2d6       100%        5
 Leda's Unmaking          Conj/Erth      0%         9d1       100%        6
 Spellforged Servitor     Conj/Summ      0%         N/A       100%        7


Dungeon Overview and Level Annotations

Branches:
Dungeon (5/15)
 Temple: D:4-7

Altars:
Ashenzari
Xom

Shops:
D:5 :


Innate Abilities, Weirdness & Mutations

You are immune to sickness and miasma.
Your stone body is resilient. (AC +4)
You are immune to poison.
You resist negative energy. (rN+)
You are resistant to electric shocks. (rElec)
You are resistant to unholy torment.
You are immune to petrification.


Message History

You fly upwards.
There is a stone staircase leading down here.
You hit the gnoll sergeant.
The gnoll sergeant is moderately wounded.
The gnoll hits you with a +0 flail! The gnoll barely misses you.
You barely miss the gnoll sergeant.
The gnoll sergeant is moderately wounded.
The gnoll sergeant barely misses you. The gnoll misses you.
The gnoll hits you but does no damage.
You completely miss the gnoll sergeant.
The gnoll sergeant is moderately wounded.
You block the gnoll's attack.
The gnoll sergeant hits you but does no damage.
The gnoll hits you with a +0 flail.
You hit the gnoll sergeant but do no damage.
The gnoll sergeant is moderately wounded.
The gnoll barely misses you. The gnoll hits you but does no damage.
You block the gnoll sergeant's attack. The gnoll hits you but does no damage.
You block the gnoll's attack.
You hit the gnoll sergeant.
The gnoll sergeant is moderately wounded.
You block the gnoll's attack.
The gnoll sergeant hits you with a +0 heavy spear!
* * * LOW HITPOINT WARNING * * *
The gnoll hits you with a +0 flail.
* * * LOW HITPOINT WARNING * * *
You barely miss the gnoll sergeant.
The gnoll sergeant is moderately wounded.
The gnoll hits you but does no damage. x2
The gnoll sergeant hits you but does no damage.
You hit the gnoll sergeant.
The gnoll sergeant is moderately wounded.
The gnoll hits you with a +0 flail.
* * * LOW HITPOINT WARNING * * *
You block the gnoll's attack.
You sock the gnoll sergeant!
The gnoll sergeant is heavily wounded.
You block the gnoll's attack.
The gnoll sergeant hits you with a +0 heavy spear!
You die...

#.#.####...#..#....##.....#####..
..#...........#....##.....# ##..
########.#.#...).#.##.....# #...
#.#.#.......#......# #.##
#...########..#....# #...
##.....# #.##....######. ##.##.##
##.########.....
#.##..###..###### #.####
#.#...g@g.#.....# #.####
##.#.#.g##.#.#.#.# #.#<..
#....#..##.#...#.# #.####
#.......##...#.#.# #.#
##.......####.#.#.# #.#
#.....#### #.#.#'###'#### #.....#
#............# #.....#
####.........# #.)...#
#.........#


You could see a gnoll sergeant and 2 gnolls.

Vanquished Creatures
  2 ice beasts (D:5)
  A hound (D:5)
  2 orc priests (D:5)
  An iguana (D:5)
  An orc wizard (D:4)
  5 adders
  3 gnolls (D:5)
  3 worms
  3 dart slugs
  9 orcs
  9 endoplasms
  3 giant cockroaches
  9 hobgoblins
  4 jackals (D:4)
  11 kobolds
  4 quokkas
  7 ball pythons
  7 bats
  4 frilled lizards
  9 goblins
  6 rats
103 creatures vanquished.

Notes
Turn   | Place    | Note
-------+----------+-------------------------------------------
     0 | D:1      | AdnanSaban the Gargoyle Fighter began the quest for the
                  | Orb.
     0 | D:1      | Reached XP level 1. HP: 14/14 MP: 1/1
    57 | D:1      | Reached XP level 2. HP: 7/19 MP: 2/2
   292 | D:1      | Reached XP level 3. HP: 13/23 MP: 3/3
  1203 | D:2      | Found a faded altar of an unknown god.
  1298 | D:2      | Reached XP level 4. HP: 28/28 MP: 4/4
  1543 | D:2      | You fall into a shaft and drop 1 floor!
  2051 | D:3      | Found a broken altar of Ashenzari.
  2658 | D:3      | Identified the +3 ring mail of Bepeo {rN+ Dex+3}
  3196 | D:4      | Reached XP level 5. HP: 23/33 MP: 3/5
  3440 | D:4      | Found a shimmering altar of Xom.
  3531 | D:5      | Entered Level 5 of the Dungeon
  3617 | D:5      | Noticed an ice beast
  3625 | D:5      | Killed an ice beast
  3626 | D:5      | Reached skill level 1 in Dodging
  3626 | D:5      | Reached XP level 6. HP: 38/38 MP: 6/6
  3646 | D:5      | Found Xaet's Vocational Training.
  3835 | D:5      | Noticed an ice beast
  3842 | D:5      | Killed an ice beast
  3877 | D:5      | Reached XP level 7. HP: 42/43 MP: 7/7
  4183 | D:4      | HP: 2/43 [gnoll/+0 flail[a gnoll sergeant] (2)]
  4184 | D:4      | Slain by a gnoll sergeant

Illustrated notes

Levels and vault maps discovered:
D:1:      scummos_arrival_forest, layout_basic, st_stairs_1,
          minmay_stone_trees_small, grunt_decor_one_mirror, fountainhead
D:2:      layout_loops_corners, shapermc_ecumenical_altar_notcrosses
D:3:      layout_loops_corners, evilmike_ruin_ashenzari, minmay_misc_feat_tower,
          chequers_big_river, minmay_circle_x
D:4:      layout_basic, lemuel_coloured_pillars_altar
D:5:      layout_gridville, serial_shops, shop, grunt_ministairs_2,
          nicolae_shop_vocational

Skill      XL: |  1  2  3  4  5  6 |
---------------+-------------------+-----
Armour         | 4 |  4.9
Maces & Flails | 3 4 |  4.9
Shields        | 4 |  4.9
Dodging        | 1 |  1.2
Fighting       | 4 |  4.2
Throwing       | |  0.3

Action                     |  1- 3 |  4- 6 |  7- 9 || total
---------------------------+-------+-------+-------++-------
  Melee: Flail             |   164 |   210 |    45 ||   419
  Throw: Javelin           |       |     5 |     3 ||     8
 Armour: Scale mail        |   125 |   125 |    37 ||   287
  Dodge: Dodged            |   117 |   120 |    22 ||   259
  Block: Buckler           |    37 |    31 |       ||    68
         Kite shield       |       |    67 |    39 ||   106

Table legend: (Time is in decaauts)
 A = Elapsed time spent in this place.
 B = Non-inter-level travel time spent in this place.
 C = Inter-level travel time spent in this place.
 D = Time resting spent in this place.
 E = Time spent auto-exploring this place.
 F = Levels seen in this place.
 G = Mean time per level.
                   A        B        C        D        E       F      G
               +--------+--------+--------+--------+--------+-----+--------+
         Total |   4326 |   4259 |     67 |      0 |   3333 |   5 |  865.2 |
       Dungeon |   4326 |   4259 |     67 |      0 |   3333 |   5 |  865.2 |
               +--------+--------+--------+--------+--------+-----+--------+

Top non-repeatable levels by time:
     D:3: 1162 daAuts
     D:2: 933 daAuts
     D:1: 880 daAuts
     D:5: 675 daAuts
     D:4: 673 daAuts
